 Dungeon Crawl Stone Soup version 0.30.1-11-g7821555f0a (webtiles) character file.

Game seed: 6962020319285793347

224 GimliDwarf the Conjurer (level 6, -2/32 HPs)
             Began as a Tengu Conjurer on Jan 2, 2024.
             Slain by Grinder (4 damage)
             ... on level 3 of the Dungeon.
             The game lasted 00:09:57 (2953 turns).

GimliDwarf the Conjurer (Tengu Conjurer)            Turns: 2953, Time: 00:09:58

Health: -2/32      AC:  3    Str:  7    XL:     6   Next: 0%
Magic:  8/12       EV: 15    Int: 20    God:
Gold:   118        SH:  0    Dex: 19    Spells: 8/11 levels left

rFire   . . .        (no weapon)
rCold   . . .        (no shield)
rNeg    . . .        a - +0 robe
rPois   .            (helmet restricted)
rElec   .            (no cloak)
rCorr   .            o - +0 pair of gloves
SInv    .            (boots unavailable)
Will    .....        (no amulet)
Stlth   ++           i - +6 ring of dexterity
HPRegen 0.25/turn    (no ring)
MPRegen 0.13/turn

%: no passive effects
@: flying quickly and evasively, quick
A: beak, talons 3, nimble flight
a: no special abilities


You were on level 3 of the Dungeon.
You visited 1 branch of the dungeon, and saw 3 of its levels.

You collected 118 gold pieces.

Inventory:

Missiles
 f - 4 javelins
Armour
 a - a +0 robe (worn)
 o - a +0 pair of gloves (worn)
Jewellery
 i - a +6 ring of dexterity (left hand)
Wands
 l - a wand of roots (1)
Scrolls
 c - a scroll of enchant weapon
 j - a scroll of teleportation
 k - a scroll of noise {unknown}
Potions
 b - a potion of magic
 d - 3 potions of curing
 e - a potion of flight {unknown}
 g - 2 potions of heal wounds
 h - 2 potions of degeneration {unknown}
 n - a potion of haste {unknown}
 q - a potion of invisibility {unknown}


   Skills:
 * Level 1.3 Armour
 + Level 2.5 Dodging
 - Level 2.0 Stealth
 * Level 3.4 Spellcasting
 * Level 7.1 Conjurations
 * Level 1.4 Fire Magic
 * Level 2.0 Air Magic


You had 8 spell levels left.
You knew the following spells:

 Your Spells              Type           Power      Damage    Failure   Level
a - Magic Dart            Conj           100%       1d8       1%          1
b - Searing Ray           Conj           62%        2d6       1%          2

Your spell library contained the following spells:

 Spells                   Type           Power      Damage    Failure   Level
 Dazzling Flash           Conj/Hex       34%        N/A       10%         3
 Stone Arrow              Conj/Erth      34%        3d9       10%         3
 Sandblast                Erth           6%         2d5       14%         1
 Summon Small Mammal      Summ           12%        N/A       14%         1
 Passwall                 Tmut/Erth      2%         N/A       21%         2
 Fulminant Prism          Conj/Hex       8%         3d7       32%         4
 Iskenderun's Mystic Bla  Conj/Tloc      17%        2d5       32%         4
 Call Canine Familiar     Summ           3%         N/A       38%         3
 Summon Guardian Golem    Hex/Summ       3%         N/A       38%         3


Dungeon Overview and Level Annotations

Branches:
Dungeon (3/15)

Altars:
Wu Jian

Shops:
D:2 *   D:3 (

Annotations:
D:3 Grinder


Innate Abilities, Weirdness & Mutations

You have a beak for a mouth.
You have claws for feet.
Your magical nature lets you fly swiftly and evasively.


Message History

Roots grab Grinder.
The grasping roots constrict Grinder.
Grinder escapes!
Grinder gestures at you.
You suddenly lose the ability to move!
Grinder gestures at you.
You barely resist. Grinder hits you. Grinder gestures at you.
Pain shoots through your body!
You can move again.
Grinder gestures at you. Pain shoots through your body!
Aiming: Fastroot
Press: ? - help, Shift-Dir - straight line, f/p - Grinder
Aim: Grinder (lightly wounded)
The roots erupt in riotous growth!
Roots grab Grinder.
The grasping roots constrict Grinder.
Grinder gestures at you.
You barely resist.
Casting: Searing Ray (safe; 1% risk of failure)
Confirm with . or Enter, or press ? or * to list all spells.
Aiming: Searing Ray (safe; 1% risk of failure)
Press: ? - help, Shift-Dir - straight line, f/p - Grinder
Aim: Grinder (moderately wounded, constricted by roots, 98% to hit)
The searing ray hits Grinder!
Grinder is heavily wounded. (Press . to maintain the ray.)
The grasping roots constrict Grinder.
The roots release their grip on Grinder.
The searing ray hits Grinder!
Grinder is severely wounded.
Grinder hits you!
* * * LOW HITPOINT WARNING * * *
You writhe in agony.
* * * LOW HITPOINT WARNING * * *
The searing ray hits Grinder.
Grinder is almost dead.
Grinder hits you.
You die...

#######.# #..#
.......)####..#
#######...##..#
###.##<.#
#.##..# #.##..#
#.##..#
######5##..#
#>...@.##..#
#.#######..#
#.# #..# #.#
#..##
##.#######.#.##
#.......#.###.#
#..####.##.#.##
#########..#
#.##..##
8##..........#
#..#.##


You could see Grinder.

Vanquished Creatures
  A howler monkey (D:3)
  A jelly (D:2)
  Jessica (D:3)
  5 adders (D:2)
  3 gnolls (D:2)
  2 worms (D:2)
  A dart slug (D:2)
  3 ball pythons
  4 bats
  6 endoplasms (D:1)
  A giant cockroach (D:1)
  6 goblins
  3 hobgoblins
  4 jackals (D:3)
  2 kobolds
  2 quokkas
  2 frilled lizards (D:1)
  3 rats
  3 butterflies (D:1)
53 creatures vanquished.

Notes
Turn   | Place    | Note
-------+----------+-------------------------------------------
     0 | D:1      | GimliDwarf the Tengu Conjurer began the quest for the Orb.
     0 | D:1      | Reached XP level 1. HP: 10/10 MP: 4/4
   282 | D:1      | Reached XP level 2. HP: 10/15 MP: 0/6
   750 | D:1      | Learned a level 2 spell: Searing Ray
  1039 | D:1      | Reached XP level 3. HP: 19/19 MP: 4/7
  1363 | D:2      | Reached skill level 1 in Air Magic
  1385 | D:2      | Reached skill level 6 in Conjurations
  1457 | D:2      | Reached skill level 1 in Fire Magic
  1670 | D:2      | Reached XP level 4. HP: 24/24 MP: 3/8
  1717 | D:2      | Found Jeabe's General Store.
  1908 | D:2      | Reached skill level 1 in Armour
  1908 | D:2      | Gained mutation: Your magical nature lets you fly swiftly
                  | and evasively. [Tengu growth]
  1908 | D:2      | Reached XP level 5. HP: 28/28 MP: 5/10
  2275 | D:3      | Noticed Grinder
  2470 | D:3      | Found Gaethira's Antique Weapon Boutique.
  2720 | D:3      | Found an ornate altar of the Wu Jian Council.
  2762 | D:3      | Noticed Jessica
  2764 | D:3      | Killed Jessica
  2824 | D:3      | Reached skill level 7 in Conjurations
  2824 | D:3      | Reached XP level 6. HP: 32/32 MP: 6/12
  2943 | D:3      | Paralysed by Grinder for 4 turns
  2952 | D:3      | HP: 1/32 [Grinder (4)]
  2953 | D:3      | Slain by Grinder

Illustrated notes

Levels and vault maps discovered:
D:1:      spicycebolla_arrival_clurvy, layout_loops_cross, serial_forest,
          infiniplex_forest_lined_3, infiniplex_forest_end_2,
          infiniplex_forest_clump_diagonal, infiniplex_forest_lined_1,
          infiniplex_forest_clump_curved, infiniplex_forest_straight_1,
          infiniplex_forest_zigzag_1, infiniplex_forest_clump_tiny,
          infiniplex_forest_clump_long, infiniplex_forest_3_way
D:2:      layout_rooms, serial_shops, shop
D:3:      layout_loops_ring, nicolae_wu_jian_immortal_techniques,
          nicolae_overflow_hidden_temple, mainiacjoe_overflow_cross_hatched,
          serial_shops, nicolae_shop_overgrown_old_shop, grunt_decor_cap,
          nrook_campfire, uniq_grinder, uniq_jessica

Skill      XL: |  1  2  3  4  5 |
---------------+----------------+-----
Air Magic      | 1 2 |  2.0
Conjurations   | 6 7 |  7.1
Fire Magic     | 1 |  1.4
Armour         | 1 |  1.3
Spellcasting   | 3 |  3.4
Dodging        | |  2.5
Stealth        | |  2.0

Action                     |  1- 3 |  4- 6 || total
---------------------------+-------+-------++-------
  Melee: Unarmed           |     3 |       ||     3
         Peck              |     1 |       ||     1
  Throw: Javelin           |     4 |       ||     4
   Cast: Magic Dart        |    58 |    26 ||    84
         Searing Ray       |     6 |    10 ||    16
  Evoke: Wand              |       |     3 ||     3
    Use: Scroll            |       |     8 ||     8
 Armour: Robe              |     4 |     2 ||     6
  Dodge: Dodged            |     8 |     4 ||    12
